 Dungeon Crawl Stone Soup version 0.31-a0-819-gf6de2f5ab6 (webtiles) character file.

Game seed: 3542588610101142448

262 Shayle the Trooper (level 6, -2/63 HPs)
             Began as an Ogre Hexslinger on Sept 23, 2023.
             Slain by a scorpion (7 damage)
             ... on level 4 of the Dungeon.
             The game lasted 00:07:24 (3768 turns).

Shayle the Trooper (Ogre Hexslinger)                Turns: 3768, Time: 00:07:25

Health: -2/63      AC:  3    Str: 11 (13) XL:     6   Next: 18%
Magic:  8/8        EV: 10    Int: 14 (16) God:
Gold:   141        SH:  0    Dex: 11      Spells: 7/7 levels left

rFire   . . .        a - +1 sling
rCold   + . .        (no shield)
rNeg    . . .        c - +0 robe
rPois   .            (helmet restricted)
rElec   .            (no cloak)
rCorr   .            (gloves unavailable)
SInv    .            (boots unavailable)
Will    .....        (no amulet)
Stlth   +            (no ring)
HPRegen 0.30/turn    (no ring)
MPRegen 0.11/turn

%: no passive effects
@: brilliant, lethally poisoned (-2 -> -6)
A: large, unfitting armour, tough skin 1, cold resistance 1
a: no special abilities


You were on level 4 of the Dungeon.
You visited 1 branch of the dungeon, and saw 4 of its levels.

You collected 141 gold pieces.

Inventory:

Hand Weapons
 a - a +1 sling (weapon)
 i - a +3 dagger of speed
 n - a +1 dagger of venom
Armour
 c - a +0 robe (worn)
Jewellery
 q - an amulet of regeneration
Scrolls
 b - a scroll of identify
 e - a scroll of blinking
 j - a scroll of noise {unknown}
 k - 2 scrolls of amnesia
 l - a scroll of fog
 m - a scroll of enchant weapon {unknown}
 p - a scroll of fear {unknown}
Potions
 f - 2 potions of haste


   Skills:
 + Level 4.7 Fighting
 - Level 1.3 Ranged Weapons
 + Level 3.4 Dodging
 - Level 1.2 Spellcasting
 - Level 2.6 Hexes
 - Level 0.8 Fire Magic
 + Level 3.5 Invocations


You had 7 spell levels left.
You didn't know any spells.
Your spell library contained the following spells:

 Spells                   Type           Power      Damage    Failure   Level
 Jinxbite                 Hex            24%        N/A       13%         2
 Sigil of Binding         Hex            12%        N/A       26%         3
 Inner Flame              Hex/Fire       8%         N/A       36%         3
 Cause Fear               Hex            6%         N/A       63%         4
 Dimensional Bullseye     Hex/Tloc       3%         N/A       83%         4


Dungeon Overview and Level Annotations

Branches:
Dungeon (4/15)
 Temple: D:4-7

Altars:
The Shining One

Annotations:
D:2 1 runed translucent door, Crazy Yiuf
D:3 Ijyb


Innate Abilities, Weirdness & Mutations

You are too large for most types of armour.
You have tough skin. (AC +1)
Your flesh is cold resistant. (rC+)


Message History

The scorpion stings you. x2
You shoot a sling bullet. The sling bullet hits the scorpion.
The scorpion is moderately wounded.
The scorpion stings you. x2
You are poisoned.
The scorpion poisons you!
You shoot a sling bullet.
The sling bullet closely misses the scorpion.
You feel very sick.
The scorpion stings you but does no damage.
You shoot a sling bullet.
The sling bullet barely misses the scorpion.
You feel sick. The scorpion closely misses you. The scorpion stings you.
You shoot a sling bullet.
The sling bullet barely misses the scorpion.
You feel sick. The scorpion barely misses you.
You shoot a sling bullet. The sling bullet hits the scorpion.
The scorpion is severely wounded.
You feel sick. The scorpion stings you. x2
* * * LOW HITPOINT WARNING * * *
You are more poisoned.
The scorpion poisons you!
You shoot a sling bullet.
The sling bullet hits the scorpion but does no damage.
The scorpion is severely wounded.
You feel very sick. The scorpion stings you.
* * * LOW HITPOINT WARNING * * *
You shoot a sling bullet.
The sling bullet hits the scorpion but does no damage.
The scorpion is severely wounded.
You feel sick. The scorpion stings you.
* * * LOW HITPOINT WARNING * * *
The scorpion barely misses you.
Unknown command.
It was a potion of brilliance.
You feel clever all of a sudden.
* * * LOW HITPOINT WARNING * * *
You feel sick. The scorpion stings you!
You die...

### ### #.# ... #.. ...#
#.# ...# #.# ...# #@#
...# ########s####.#
...######........[....#
........................
....#########÷##......##
....# #..............
....######..............
........................
†.>.....................


You could see a scorpion.

Vanquished Creatures
  Jessica (D:3)
  Natasha (thrice) (D:2)
  2 iguanas (D:4)
  Robin (D:2)
  An adder (D:2)
  2 dart slugs (D:1)
  2 orcs (D:4)
  3 ball pythons
  6 endoplasms
  2 giant cockroaches
  13 hobgoblins
  6 quokkas
  6 bats
  3 frilled lizards
  14 goblins
  9 kobolds
  7 rats
81 creatures vanquished.

Notes
Turn   | Place    | Note
-------+----------+-------------------------------------------
     0 | D:1      | Shayle the Ogre Hexslinger began the quest for the Orb.
     0 | D:1      | Reached XP level 1. HP: 19/19 MP: 2/2
   105 | D:1      | Reached XP level 2. HP: 28/28 MP: 3/3
   109 | D:1      | Reached skill level 2 in Fighting
   120 | D:1      | Reached skill level 1 in Invocations
   295 | D:1      | Reached XP level 3. HP: 36/36 MP: 4/4
  1159 | D:2      | Reached skill level 3 in Fighting
  1185 | D:2      | Noticed Robin
  1194 | D:2      | Killed Robin
  1195 | D:2      | Reached XP level 4. HP: 42/45 MP: 5/5
  1649 | D:2      | Noticed Natasha
  1658 | D:2      | Gained mutation: You are vulnerable to heat. (rF-) [potion
                  | of mutation]
  1658 | D:2      | Lost mutation: You are vulnerable to heat. (rF-) [potion of
                  | mutation]
  1670 | D:2      | Killed Natasha
  1671 | D:2      | Reached XP level 5. HP: 29/54 MP: 6/6
  1671 | D:2      | Gained mutation: Your flesh is cold resistant. (rC+)
                  | [potion of mutation]
  2074 | D:2      | Noticed Natasha
  2088 | D:2      | Killed Natasha
  2382 | D:2      | Noticed Natasha
  2391 | D:2      | Killed Natasha
  2392 | D:2      | Reached skill level 4 in Fighting
  2551 | D:2      | Found a runed translucent door.
  2552 | D:2      | Noticed Crazy Yiuf
  2583 | D:3      | Noticed Jessica
  2594 | D:3      | Killed Jessica
  2981 | D:3      | Noticed Ijyb
  3263 | D:4      | Found a glowing golden altar of the Shining One.
  3308 | D:4      | Reached XP level 6. HP: 10/63 MP: 8/8
  3532 | D:4      | HP: 3/63 [iguana (7)]
  3768 | D:4      | Slain by a scorpion

Illustrated notes

Levels and vault maps discovered:
D:1:      minmay_arrival_split_and_join, layout_basic, serial_glass,
          glass_columns_a, glass_columns_b, minmay_heptomino_o4
D:2:      layout_loops_corners, hangedman_decor_growths, kennysheep_nub,
          uniq_natasha, uniq_crazy_yiuf_cottage, uniq_robin
D:3:      layout_loops_ring, uniq_ijyb, uniq_sigmund, uniq_jessica, uniq_terence
D:4:      layout_basic, nicolae_tso_carved_into_rock, serial_shops, shop,
          ebering_ghost_reflecting_pool, moated_statue, nicolae_shop_gadgets

Skill      XL: |  1  2  3  4  5 |
---------------+----------------+-----
Dodging        | 2 3 |  3.4
Fighting       | 2 3 4 |  4.7
Invocations    | 1 2 3 |  3.5
Ranged Weapons | |  1.3
Spellcasting   | |  1.2
Hexes          | |  2.6
Fire Magic     | |  0.8

Action                     |  1- 3 |  4- 6 || total
---------------------------+-------+-------++-------
   Fire: Sling             |   143 |   233 ||   376
    Use: Scroll            |     1 |     5 ||     6
         Potion            |       |    10 ||    10
 Armour: Robe              |    44 |   142 ||   186
         Skin              |       |    53 ||    53
  Dodge: Dodged            |    35 |   109 ||   144

Table legend: (Time is in decaauts)
 A = Elapsed time spent in this place.
 B = Non-inter-level travel time spent in this place.
 C = Inter-level travel time spent in this place.
 D = Time resting spent in this place.
 E = Time spent auto-exploring this place.
 F = Levels seen in this place.
 G = Mean time per level.
                   A        B        C        D        E       F      G
               +--------+--------+--------+--------+--------+-----+--------+
         Total |   3883 |   3849 |     34 |    966 |   2079 |   4 |  970.8 |
       Dungeon |   3883 |   3849 |     34 |    966 |   2079 |   4 |  970.8 |
               +--------+--------+--------+--------+--------+-----+--------+

Top non-repeatable levels by time:
     D:2: 1566 daAuts
     D:1: 1099 daAuts
     D:4: 722 daAuts
     D:3: 494 daAuts
